 Dungeon Crawl Stone Soup version 0.31.0-11-ge490571c62 (webtiles) character file.

Game seed: 3881476662380419724

510 PriceMaster the Trooper (level 6, -3/56 HPs)
             Began as a Minotaur Berserker on Feb 11, 2024.
             Was a Believer of Trog.
             Succumbed to a kobold's poison
             ... in a sewer.
             The game lasted 00:05:42 (3485 turns).

PriceMaster the Trooper (Minotaur Berserker)        Turns: 3485, Time: 00:05:43

Health: -3/56      AC:  9    Str: 21 (24) XL:     6   Next: 98%
Magic:  5/5        EV:  9    Int:  2 (4)  God:    Trog [**....]
Gold:   151        SH:  5    Dex:  8 (9)  Spells: 5/5 levels left

rFire   . . .        d - +0 rapier
rCold   + . .        (no shield)
rNeg    . . .        f - +0 chain mail
rPois   .            (helmet restricted)
rElec   .            (no cloak)
rCorr   .            (no gloves)
SInv    .            (no boots)
Will    +....        g - amulet of reflection Stlth
                     i - ring of willpower
HPRegen 0.29/turn    l - ring of protection from cold
MPRegen 0.09/turn

%: reflection
@: lethally poisoned (-3 -> -25), attractive, very slow
A: horns 2, retaliatory headbutt
a: Renounce Religion, Berserk, Trog's Hand


You were in a sewer.
You worshipped Trog.
Trog was pleased with you.
You visited 1 branch of the dungeon, and saw 4 of its levels.
You also visited: Sewer.

You collected 151 gold pieces.

Inventory:

Hand Weapons
 a - a +0 hand axe
 d - a +0 rapier (weapon)
 h - a +0 flail
Armour
 b - a +0 animal skin
 f - a +0 chain mail (worn)
Jewellery
 g - an amulet of reflection (around neck)
 i - a ring of willpower (left hand)
 l - a ring of protection from cold (right hand)
Scrolls
 e - a scroll of immolation
 p - a scroll of fog {unknown}
 q - a scroll of identify {unknown}
 s - 2 scrolls of teleportation
Potions
 c - a potion of magic {unknown}
 j - a potion of haste
 k - a potion of degeneration
 n - 4 potions of heal wounds {unknown}
 o - a potion of curing {unknown}
 r - a potion of resistance {unknown}


   Skills:
 + Level 5.2 Fighting
 + Level 4.7 Short Blades
 + Level 4.3 Axes
 + Level 4.6 Armour
 + Level 2.9 Dodging
 + Level 0.3 Stealth
 + Level 1.9 Shields


You had 5 spell levels left.
You didn't know any spells.
Your spell library was empty.

Dungeon Overview and Level Annotations

Branches:
Dungeon (4/15)              Sewer (1/1)
 Temple: D:4-7

Altars:
Cheibriados
Dithmenos
The Shining One


Innate Abilities, Weirdness & Mutations

You have a pair of horns on your head.
You reflexively headbutt those who attack you in melee.


Message History

The jackal is lightly wounded.
Your extra speed is starting to run out.
You feel sick. The kobold hits you but does no damage.
You are more poisoned.
It was a potion of attraction.
You feel attractive to monsters.
You feel the effects of Trog's Hand fading.
You feel very sick.
The jackal bites you but does no damage.
You hit the jackal. You headbutt the jackal.
You kill the jackal!
Trog accepts your kill.
You feel very sick. The kobold hits you but does no damage.
You are more poisoned.
You feel extremely sick.
You feel very sick. The kobold hits you but does no damage.
You are lethally poisoned!
Things that are here:
a +0 short sword; a kobold corpse You miss the kobold.
Your headbutt misses the kobold.
You feel yourself slow down.
* * * LOW HITPOINT WARNING * * *
You feel very sick. You block the kobold's attack.
You hit the kobold but do no damage.
* * * LOW HITPOINT WARNING * * *
You feel very sick. The kobold barely misses you.
Your unstable footing causes you to fumble your attack.
Your skin stops crawling.
You feel less strong-willed.
* * * LOW HITPOINT WARNING * * *
You feel very sick. The kobold hits you but does no damage.
You are more poisoned.
You completely miss the kobold. You headbutt the kobold.
You kill the kobold!
Trog accepts your kill.
You die...

#~~~~~~)~~†~.#
##########~~P#
##.~~.~~# #
##.~~.~.## #~
####.~..~.## ~#
#~##.....~~~~#
~.~##~#..†.#~#..~.#
~~~~..~).~.#†#~...~#
.~~~~.)@~~~#~#.~~PP#
..~~.~~~†..#~#~~P..#
...~~.#~#~.#~#~~PP.#
~...~.#~#########~##
~~~.. #~# .# P..~~
#~# ..~~ #~P


PPP. #~# #~# There were no monsters in sight!

Vanquished Creatures
  A steam dragon (D:4)
  A phantom (D:4)
  A kobold brigand (Sewer)
  9 adders
  2 river rats (D:4)
  A dart slug (D:3)
  8 ribbon worms
  4 orcs (D:3)
  10 ball pythons
  8 bats
  8 endoplasms
  5 giant cockroaches
  2 goblins
  5 hobgoblins
  14 jackals
  13 kobolds
  2 quokkas
  11 frilled lizards
  10 rats
115 creatures vanquished.

Notes
Turn   | Place    | Note
-------+----------+-------------------------------------------
     0 | D:1      | PriceMaster the Minotaur Berserker began the quest for the
                  | Orb.
     0 | D:1      | Reached XP level 1. HP: 19/19 MP: 0/0
   153 | D:1      | Reached XP level 2. HP: 16/27 MP: 1/1
   630 | D:1      | Reached skill level 4 in Fighting
   701 | D:1      | Reached XP level 3. HP: 33/33 MP: 2/2
   849 | D:1      | Found a faded altar of an unknown god.
  1330 | D:2      | Reached skill level 1 in Short Blades
  1337 | D:2      | Reached ** piety under Trog
  1340 | D:2      | Reached XP level 4. HP: 40/40 MP: 3/3
  2425 | D:3      | Found a shadowy altar of Dithmenos.
  2619 | D:3      | Found a glowing golden altar of the Shining One.
  2624 | D:3      | Reached XP level 5. HP: 46/47 MP: 4/4
  2768 | D:4      | Found a snail-covered altar of Cheibriados.
  2943 | D:4      | Noticed a phantom
  2953 | D:4      | Killed a phantom
  2954 | D:4      | Reached skill level 1 in Shields
  2990 | D:4      | Noticed a steam dragon
  3000 | D:4      | Killed a steam dragon
  3001 | D:4      | Reached skill level 5 in Fighting
  3001 | D:4      | Reached XP level 6. HP: 16/56 MP: 5/5
  3245 | D:4      | Found a glowing drain.
  3249 | Sewer    | Entered a sewer
  3484 | Sewer    | HP: 2/56 [poisoned by a kobold]
  3485 | Sewer    | Succumbed to a kobold's poison

Illustrated notes

Levels and vault maps discovered:
D:1:      sevenhm_arrival_forest_fort_large_3, layout_basic,
          shapermc_ecumenical_altar_gd, minmay_lizard_pond
D:2:      minmay_recursive_quarters, layout_basic
D:3:      layout_rooms, nicolae_tso_swordbearing_angel,
          nicolae_dithmenos_shadow_blocks
D:4:      layout_loops_ring, slow_altar_1, gup_sewer_entry_spiral, serial_shops,
          nicolae_shop_waterfront
Sewer:    sewer_co_scattered_pipes

Skill      XL: |  1  2  3  4  5 |
---------------+----------------+-----
Axes           | 4 |  4.3
Fighting       | 4 5 |  5.2
Armour         | 3 4 |  4.6
Short Blades   | 1 2 4 |  4.7
Shields        | 1 |  1.9
Dodging        | |  2.9
Stealth        | |  0.3

Action                     |  1- 3 |  4- 6 || total
---------------------------+-------+-------++-------
  Melee: Rapier            |    69 |   278 ||   347
         Hand axe          |     5 |       ||     5
         Headbutt          |    14 |    36 ||    50
         Punch             |     1 |     5 ||     6
 Invoke: Berserk           |     6 |     7 ||    13
         Trog's Hand       |       |     5 ||     5
    Use: Scroll            |       |     6 ||     6
         Potion            |       |     3 ||     3
 Armour: Animal skin       |    14 |       ||    14
         Chain mail        |    40 |   187 ||   227
  Dodge: Dodged            |    44 |   125 ||   169
  Block: Other             |    18 |    61 ||    79
         Reflection        |       |     1 ||     1
